 Dungeon Crawl Stone Soup version 0.20-a0-1006-ge6c5631 (webtiles) character file.

61 Ordine the Slasher (level 4, -3/28 HPs)
             Began as a Tengu Fighter on Apr 13, 2017.
             Slain by an ogre
             ... wielding a +0 giant club
              (17 damage)
             ... on level 3 of the Dungeon.
             The game lasted 00:03:36 (1473 turns).

Ordine the Slasher (Tengu Fighter)                  Turns: 1473, Time: 00:03:36

Health: -3/28      AC:  8    Str: 17    XL:     4   Next: 7%
Magic:  5/5        EV:  7    Int:  8    God:
Gold:   189        SH:  9    Dex: 14    Spells: 3/3 levels left

rFire    . . .     SeeInvis .   a - +1 long sword
rCold    . . .     Gourm    .   c - +0 shield
rNeg     . . .     Faith    .   b - +0 scale mail
rPois    .         Spirit   .   (helmet restricted)
rElec    .         Reflect  .   (no cloak)
rCorr    .         Harm     .   q - +0 pair of gloves (curse)
MR       .....                  (boots unavailable)
Stlth    ..........             (no amulet)
Regen    0.1/turn               (no ring)
MPRegen  0.1/turn               (no ring)

@: no status effects
A: beak, talons 3
a: no special abilities


You were on level 3 of the Dungeon.
You were not hungry.

You visited 1 branch of the dungeon, and saw 3 of its levels.

You collected 189 gold pieces.

Inventory:

Hand Weapons
 a - a +1 long sword (weapon)
Armour
 b - a +0 scale mail (worn)
 c - a +0 shield (worn)
 o - a +2 pair of gloves
 q - a cursed +0 pair of gloves (worn)
Jewellery
 h - an uncursed amulet of faith
Scrolls
 j - a scroll of teleportation
 n - a scroll of fear
Potions
 d - a potion of might
 e - 2 potions of magic
 i - a potion of curing
 k - a potion of mutation
 l - a potion of flight {unknown}
 r - a potion of ambrosia
Comestibles
 f - 3 bread rations
 g - 2 meat rations
 m - 2 chunks of flesh


   Skills:
 - Level 3.0 Fighting
 + Level 4.6 Long Blades
 - Level 3.2 Armour
 - Level 3.0 Shields


You had 3 spell levels left.
You didn't know any spells.

Dungeon Overview and Level Annotations

Branches:
Dungeon (3/15)

Altars:


Innate Abilities, Weirdness & Mutations

You have a beak for a mouth.
You have claws for feet.


Message History

You butcher the bat corpse.
An adder comes into view.
You see here a chunk of flesh.
There are monsters nearby!
m - 3 chunks of flesh (gained 1)
The adder hisses angrily.
Some of the chunks of flesh in your inventory have rotted away.
You hit the ogre but do no damage. You block the ogre's attack.
You slash the ogre! Your kick misses the ogre.
The ogre is moderately wounded.
The adder bites you but does no damage. The ogre hits you with a giant club!
You barely miss the ogre. You peck the ogre.
The ogre is moderately wounded.
The adder bites you but does no damage. The ogre closely misses you.
The adder bites you but does no damage.
You slash the ogre!
The ogre is severely wounded.
The adder bites you. The ogre hits you with a giant club!
Ouch! That really hurt!
You die...

.....# #####.####..
...... #.....# #.. ..$...
####'###### #.. .....
#.........# #.. ....##
#.........# #..
######..###.........###..
....+
..........'.........+.'..
....#
#####SO##.........#.#..
....####
##@##.........#.#..
........
#......##.........#.#..
........
#.......#.........#.#..
........
.........#.........#.#..
........
...................#.#.#
)..#
........#.......)..#.#.#
...# #########$. #.#.#
...# ###### .## #.#.#
...# #....# #.# .


You could see an ogre and an adder.

Vanquished Creatures
  An adder (D:3)
  2 oozes
  3 dart slugs
  2 leopard geckos (D:3)
  4 giant cockroaches
  5 goblins (D:2)
  A hobgoblin (D:3)
  3 jackals (D:1)
  4 kobolds
  3 bats
  2 frilled lizards
  5 rats
35 creatures vanquished.

Notes
Turn   | Place    | Note
-------+----------+-------------------------------------------
     0 | D:1      | Ordine the Tengu Fighter began the quest for the Orb.
     0 | D:1      | Reached XP level 1. HP: 14/14 MP: 2/2
   299 | D:1      | Reached skill level 3 in Long Blades
   299 | D:1      | Reached XP level 2. HP: 19/19 MP: 3/3
   739 | D:2      | Reached XP level 3. HP: 22/23 MP: 4/4
   977 | D:2      | Reached skill level 4 in Long Blades
  1402 | D:3      | Reached XP level 4. HP: 23/28 MP: 5/5
  1464 | D:3      | Noticed an ogre
  1473 | D:3      | Slain by an ogre

Vault maps used:
D:1:      dpeg_arrival_three_smaller_balls
D:2:      minmay_hedge_maze
D:3:      lemuel_round_altar

Skill      XL: |  1  2  3 |
---------------+----------+-----
Long Blades    | 3 4 |  4.6
Fighting       | |  3.0
Armour         | |  3.2
Shields        | |  3.0

Action                   |  1- 3 |  4- 6 || total
-------------------------+-------+-------++-------
Melee: Long sword        |    73 |     7 ||    80
       Kick              |    19 |       ||    19
       Peck              |    13 |     1 ||    14
  Use: Scroll            |    11 |       ||    11
  Eat: Chunk             |     2 |       ||     2
Armor: Scale mail        |    33 |     4 ||    37
Dodge: Dodged            |    19 |     4 ||    23
Block: Shield            |    35 |     1 ||    36
       Rpst.: Long sword |     8 |     1 ||     9
